 Dungeon Crawl Stone Soup version 0.20.1-1-g8b1a95d (webtiles) character file.

280 Knicklaso the Skirmisher (level 6, -12/40 HPs)
             Began as a Tengu Fighter on July 19, 2017.
             Was a Follower of Makhleb.
             Mangled by tschems's ghost (15 damage)
             ... in a sewer.
             The game lasted 00:07:04 (2259 turns).

Knicklaso the Skirmisher (Tengu Fighter)            Turns: 2259, Time: 00:07:05

Health: -12/40     AC:  4    Str: 18    XL:     6   Next: 27%
Magic:  0/7        EV:  8    Int:  8    God:    Makhleb [*.....]
Gold:   225        SH:  9    Dex: 14    Spells: 5/5 levels left

rFire    . . .     SeeInvis .   a - +1 long sword
rCold    + . .     Gourm    .   c - +0 shield
rNeg     . . .     Faith    +   o - +2 robe {rC+}
rPois    .         Spirit   +   (helmet restricted)
rElec    .         Reflect  .   s - scarf {Spirit}
rCorr    .         Harm     .   (no gloves)
MR       .....                  (boots unavailable)
Stlth    +.........             v - amulet of faith
Regen    0.2/turn               (no ring)
MPRegen  0.1/turn               (no ring)

@: no status effects
A: beak, talons 3, able to fly 1
a: Fly, Renounce Religion


You were in a sewer.
You worshipped Makhleb.
Makhleb was aware of your devotion.
You were not hungry.

You visited 1 branch of the dungeon, and saw 4 of its levels.
You also visited: Sewer.

You collected 225 gold pieces.

Inventory:

Hand Weapons
 a - a +1 long sword (weapon)
Armour
 b - a +0 scale mail
 c - a +0 shield (worn)
 i - a scarf of repulsion
 o - a +2 robe of cold resistance (worn)
 s - a scarf of spirit shield (worn)
Jewellery
 v - an amulet of faith (around neck)
Scrolls
 e - 5 scrolls of identify
 l - a scroll of amnesia
 p - a scroll of blinking {unknown}
 u - a scroll of fear
Potions
 d - 2 potions of might
 h - 4 potions of curing
 j - a potion of haste {unknown}
 k - 2 potions of ambrosia {unknown}
 m - 2 potions of heal wounds {unknown}
 n - a potion of resistance {unknown}
 t - a potion of flight {unknown}
 z - a potion of lignification {unknown}
Comestibles
 f - 3 bread rations
 g - a royal jelly
 q - 10 chunks of flesh
 r - 2 meat rations
 x - 2 fruits


   Skills:
 + Level 5.2 Fighting
 + Level 5.1 Long Blades
 - Level 3.2 Armour
 - Level 3.0 Shields


You had 5 spell levels left.
You didn't know any spells.

Dungeon Overview and Level Annotations

Branches:
Dungeon (4/15)
 Temple: D:4-7

Altars:
Elyvilon
Fedhas
Makhleb
Uskayaw
Yredelemnul

Annotations:
Sewer tschems's ghost, amateur HuFi


Innate Abilities, Weirdness & Mutations

You have a beak for a mouth.
You have claws for feet.
You can fly.


Message History

You block tschems's ghost's attack. Tschems's ghost hits you!
You hit tschems's ghost. Your kick misses tschems's ghost.
You peck tschems's ghost.
Tschems's ghost is heavily damaged.
You block tschems's ghost's attack.
You hit tschems's ghost. Your kick misses tschems's ghost.
Tschems's ghost is heavily damaged.
Tschems's ghost hits you!
You hit tschems's ghost but do no damage.
You claw tschems's ghost, but do no damage.
Tschems's ghost is heavily damaged.
Tschems's ghost hits you!
* * * LOW HITPOINT WARNING * * *
You hit tschems's ghost but do no damage.
You peck tschems's ghost.
Tschems's ghost is severely damaged.
Tschems's ghost hits you!
* * * LOW HITPOINT WARNING * * *
Tschems's ghost hits you!
You die...

#.#
#∩#
#.#
#∩#
#.#
#†#
#.#
#.#
#@#
#W#
#≈#
#≈#
#≈#
#≈#
#≈#
#≈#


You could see tschems's ghost.

Vanquished Creatures
  A phantom (D:4)
  Jessica (D:2)
  2 hound skeletons
  A howler monkey zombie (D:3)
  A worker ant zombie (D:3)
  3 adders
  2 river rats
  An adder skeleton (D:3)
  4 worms (D:2)
  A dart slug (D:2)
  2 leopard geckos
  3 orcs
  7 giant cockroaches
  7 goblins
  4 hobgoblins
  2 jackals (D:1)
  A ball python (D:4)
  3 bats
  2 kobolds (D:2)
  15 rats
63 creatures vanquished.

Notes
Turn   | Place    | Note
-------+----------+-------------------------------------------
     0 | D:1      | Knicklaso the Tengu Fighter began the quest for the Orb.
     0 | D:1      | Reached XP level 1. HP: 14/14 MP: 2/2
   212 | D:1      | Reached XP level 2. HP: 18/19 MP: 3/3
   537 | D:2      | Found a burning altar of Makhleb.
   538 | D:2      | Noticed Jessica
   543 | D:2      | Killed Jessica
   543 | D:2      | Reached XP level 3. HP: 21/24 MP: 4/4
   551 | D:2      | Became a worshipper of Makhleb the Destroyer
   634 | D:2      | Reached XP level 4. HP: 29/29 MP: 5/5
   846 | D:2      | Found a blossoming altar of Fedhas.
   997 | D:2      | Found a white marble altar of Elyvilon.
  1401 | D:3      | Gained mutation: You can fly. [Tengu growth]
  1401 | D:3      | Reached XP level 5. HP: 13/34 MP: 1/6
  1403 | D:3      | Reached * piety under Makhleb
  1704 | D:3      | Found a hide-covered altar of Uskayaw.
  1925 | D:4      | Found a basalt altar of Yredelemnul.
  2030 | D:4      | Noticed a phantom
  2068 | D:4      | Killed a phantom
  2068 | D:4      | Reached skill level 5 in Fighting
  2068 | D:4      | Reached skill level 5 in Long Blades
  2068 | D:4      | Reached XP level 6. HP: 14/40 MP: 3/7
  2164 | D:4      | Found a glowing drain.
  2201 | Sewer    | Entered a sewer
  2223 | Sewer    | Noticed tschems's ghost (amateur HuFi)
  2259 | Sewer    | Mangled by tschems's ghost

Skill      XL: |  1  2  3  4  5 |
---------------+----------------+-----
Long Blades    | 3 4 5 |  5.1
Fighting       | 4 5 |  5.2
Armour         | |  3.2
Shields        | |  3.0

Action                   |  1- 3 |  4- 6 || total
-------------------------+-------+-------++-------
Melee: Long sword        |    46 |   119 ||   165
       Kick              |    15 |    37 ||    52
       Peck              |     7 |    26 ||    33
  Use: Scroll            |       |     8 ||     8
  Eat: Chunk             |       |     5 ||     5
Armor: Scale mail        |    21 |    34 ||    55
       Robe              |       |     2 ||     2
Dodge: Dodged            |    16 |    39 ||    55
Block: Shield            |    24 |    51 ||    75
       Rpst.: Long sword |     8 |    12 ||    20
